Map: Dusk Towers

Players

Shura (Scarlett)

  • Race: Zerg Zerg
  • League: Master

LiquidTLO (TLO) - Winner!

  • Race: Zerg Zerg
  • League: Grandmaster

Event: DreamHack ZOWIE Open Leipzig

VOD

Have the link to the VOD?

Description

Time

  • Played on: Jan. 22, 2016, 11:07 a.m.
  • Length: 4:48

All games in this series

Show
View Real Time Build Order
Export as new Build Order

Shura Zerg 

Build Orders: Hatch First 

Get SALT Encoding   

  12  0:00  Drone  
  13  0:08  Drone  
  14  0:17  Overlord  
  14  0:23  Drone, Extractor  
  15  0:35  Drone x2  
  17  0:50  Hatchery  
  17  0:54  Drone  
  17  0:57  Drone  
  18  1:10  Spawning Pool  
  17  1:12  Extractor  
  17  1:15  Drone  
  17  1:18  Drone  
  18  1:26  Drone  
  19  1:37  Overlord  
  19  1:49  Drone  
  20  1:56  Queen  
  20  1:59  Drone  
  23  2:02  Queen  
  23  2:03  Drone  
  26  2:09  Drone  
  26  2:13  Metabolic Boost, Drone  
  28  2:21  Drone  
  29  2:26  Drone  
  30  2:30  Drone  
  30  2:32  Queen  
  33  2:38  Drone  
  33  2:39  Baneling Nest  
  33  2:41  Overlord  
  33  2:46  Drone  
  34  2:52  Drone  
  35  2:58  Drone  
  35  3:04  Drone x3  
  39  3:07  Zergling x2  
  39  3:10  Overlord  
  39  3:12  Zergling x2  
  41  3:15  Hatchery  
  40  3:20  Extractor  
  40  3:21  Queen  
  40  3:25  Overlord  
  41  3:27  Drone  
  42  3:34  Baneling x2  
  42  3:35  Drone  
  42  3:36  Drone x2  
  45  3:41  Overlord  
  45  3:42  Drone x2  
  45  3:44  Zergling x2  
  48  3:50  Drone x3  
  51  3:58  Roach Warren  
  51  4:01  Evolution Chamber  
  49  4:05  Drone  
  49  4:06  Drone x3  
  53  4:14  Drone x2  
  55  4:20  Overlord  
  55  4:21  Drone  
  55  4:31  Drone  
  56  4:32  Extractor  
Show
View Real Time Build Order
Export as new Build Order

LiquidTLO Zerg - Winner!

Build Orders: Hatch First, Roach Nydus 

Get SALT Encoding   

  12  0:00  Drone  
  13  0:12  Overlord  
  13  0:17  Drone  
  14  0:31  Drone x2  
  16  0:36  Drone  
  17  0:53  Hatchery  
  17  0:55  Drone  
  17  1:08  Spawning Pool  
  17  1:11  Drone  
  17  1:14  Extractor  
  17  1:15  Drone  
  17  1:20  Drone  
  18  1:28  Drone  
  19  1:39  Overlord  
  19  1:49  Drone  
  20  1:56  Queen  
  20  2:01  Drone  
  23  2:04  Queen  
  23  2:06  Drone  
  26  2:12  Drone  
  26  2:15  Drone  
  28  2:22  Drone  
  29  2:26  Drone  
  30  2:31  Queen  
  30  2:33  Drone  
  30  2:36  Drone  
  34  2:44  Drone  
  34  2:45  Lair  
  34  2:49  Overlord  
  35  2:55  Extractor  
  35  2:56  Drone  
  35  2:58  Drone  
  36  3:08  Drone  
  36  3:09  Drone x2, Roach Warren  
  36  3:11  Drone x2  
  36  3:12  Drone  
  41  3:14  Drone  
  41  3:15  Drone, Extractor  
  42  3:27  Drone x2  
  44  3:35  Extractor  
  43  3:42  Drone  
  43  3:47  Nydus Network  
  44  3:48  Hatchery  
  44  3:52  Overlord  
  43  3:57  Overlord x2  
  43  4:04  Overlord  
  43  4:14  Overlord  
  43  4:16  Roach x5  
  53  4:17  Roach  
  53  4:21  Roach  
  53  4:24  Roach  
  59  4:27  Nydus Canal  

Tags
 
Add a new tag
Caveats
  • Supply blocks, unpowered buildings, or Contaminate may cause inaccurate times.
  • Supply counts are checked every 10 seconds.